Map: Oceanborn LE

Players

Cure

  • Race: Terran Terran
  • Spawn Location: 5:00

MaxPax - Winner!

  • Race: Protoss Protoss
  • League: Master
  • Spawn Location: 11:00

VOD

Have the link to the VOD?

Description

Time

  • Played on: Oct. 18, 2023, 9:17 a.m.
  • Length: 9:56
Show
View Real Time Build Order
Export as new Build Order

Cure Terran 

Build Orders:  

Get SALT Encoding   

  12  0:00  SCV  
  13  0:12  SCV  
  14  0:16  Supply Depot  
  14  0:24  SCV  
  15  0:38  SCV  
  15  0:39  Barracks  
  16  0:43  Refinery  
  16  0:50  SCV  
  17  1:02  SCV  
  18  1:14  SCV  
  19  1:27  Orbital Command  
  19  1:41  Command Center, Marine  
  20  1:53  Factory  
  20  1:56  SCV  
  21  2:02  Barracks Reactor  
  21  2:06  Bunker  
  21  2:09  SCV  
  22  2:15  Supply Depot  
  22  2:19  Refinery  
  22  2:23  SCV  
  23  2:37  SCV  
  23  2:39  Marine x2  
  23  2:41  Starport  
  26  2:47  Hellion  
  26  2:49  SCV  
  29  2:59  Marine x2  
  31  3:06  SCV  
  31  3:11  Orbital Command  
  32  3:19  SCV  
  34  3:20  Widow Mine  
  34  3:21  Medivac  
  34  3:27  Orbital Command, Marine x2  
  36  3:31  SCV  
  38  3:43  SCV  
  38  3:44  Marine  
  38  3:45  Factory Tech Lab, Marine  
  42  3:53  SCV  
  42  3:55  SCV  
  43  3:56  Starport Tech Lab  
  43  4:03  Marine x2  
  43  4:05  SCV  
  43  4:07  SCV  
  43  4:09  Supply Depot  
  45  4:17  SCV  
  45  4:19  SCV  
  46  4:28  Supply Depot  
  46  4:35  SCV  
  46  4:36  Siege Tank, SCV, Marine x2  
  46  4:37  Raven  
  51  4:47  SCV  
  51  4:49  SCV  
  51  4:52  Interference Matrix  
  53  4:53  Marine  
  53  4:54  Marine  
  53  4:56  Barracks  
  53  4:59  SCV  
  56  5:01  SCV  
  56  5:07  Bunker  
  57  5:09  Siege Tank  
  57  5:11  Marine, SCV  
  62  5:15  Supply Depot  
  62  5:18  SCV, Marine  
  62  5:21  Raven  
  61  5:23  SCV  
  60  5:29  Bunker, Marine  
  60  5:30  SCV  
  60  5:32  Barracks  
  62  5:36  Marine  
  62  5:37  Supply Depot, SCV  
  62  5:42  SCV  
  64  5:46  Siege Tank  
  64  5:47  Marine  
  64  5:49  SCV  
  68  5:51  Refinery  
  68  5:52  Refinery  
  68  5:54  SCV, Marine  
  68  5:55  Supply Depot  
  70  6:01  SCV, Engineering Bay  
  71  6:05  Marine  
  71  6:06  SCV  
  68  6:12  Marine  
  68  6:13  Marauder, SCV  
  68  6:18  Siege Tank, SCV  
  71  6:22  Marine  
  71  6:25  SCV  
  74  6:30  SCV, Marine  
  74  6:31  Stimpack  
  74  6:32  Supply Depot  
  76  6:33  Marine  
  76  6:34  Marine  
  76  6:37  SCV  
  79  6:40  Marine  
  79  6:43  SCV  
  79  6:46  Medivac  
  78  6:48  Marine  
  78  6:49  SCV  
  79  6:55  SCV  
  79  6:59  Refinery  
  80  7:01  SCV  
  80  7:07  Marauder, SCV, Marine x2  
  83  7:12  Terran Infantry Weapons Level 1  
  83  7:13  SCV  
  83  7:15  Factory Reactor  
  83  7:16  Command Center  
  83  7:19  SCV  
  83  7:21  Supply Depot  
  84  7:25  Marauder, Marine x2  
  84  7:27  SCV  
  84  7:29  Marauder  
  89  7:30  Combat Shield  
  89  7:31  SCV  
  89  7:34  Starport Reactor, Supply Depot  
  90  7:45  Barracks  
  90  7:47  Marauder, Marine  
  90  7:48  Barracks  
  90  7:50  SCV, Marauder  
  96  7:55  Widow Mine x2  
  100  8:00  Supply Depot  
  100  8:03  SCV  
  100  8:04  SCV  
  102  8:14  Marauder x2, Marine x2  
  102  8:15  Medivac  
  110  8:22  SCV x2, Medivac  
  114  8:27  Orbital Command  
  114  8:32  Marine x2  
  114  8:33  Concussive Shells  
  113  8:34  SCV x2  
  113  8:36  Marauder x2  
  113  8:38  Widow Mine x2  
  92  8:50  Orbital Command  
  92  8:51  Barracks Tech Lab  
  92  8:52  Marine x2  
  79  8:55  SCV x2  
  79  8:57  Marauder x2  
  79  9:01  Widow Mine x2, Ghost Academy  
  89  9:03  Medivac  
  89  9:05  Barracks Reactor  
  89  9:07  Medivac  
  93  9:14  Marauder, Marine x2  
  93  9:16  SCV x2  
  100  9:17  SCV  
  100  9:22  Marauder  
  100  9:23  Marauder  
  97  9:32  Widow Mine x2  
  97  9:33  Marine x2  
Show
View Real Time Build Order
Export as new Build Order

MaxPax Protoss - Winner!

Build Orders: Blink Stalkers 

Get SALT Encoding   

  12  0:00  Probe  
  13  0:12  Probe  
  14  0:18  Pylon  
  14  0:24  Probe (Chrono Boost)  
  15  0:37  Probe (Chrono Boost)  
  15  0:39  Gateway  
  16  0:44  Probe (Chrono Boost)  
  16  0:48  Assimilator  
  17  0:52  Probe  
  18  1:04  Probe  
  19  1:17  Probe  
  20  1:26  Zealot  
  20  1:27  Cybernetics Core  
  22  1:35  Pylon  
  22  1:47  Nexus  
  22  1:49  Probe  
  23  1:54  Assimilator  
  23  2:01  Probe  
  23  2:02  Adept (Chrono Boost)  
  23  2:07  Warp Gate  
  26  2:13  Probe  
  27  2:22  Adept (Chrono Boost)  
  27  2:25  Probe  
  30  2:32  Twilight Council  
  30  2:37  Probe  
  31  2:52  Gateway  
  31  3:00  Probe (Chrono Boost)  
  31  3:02  Probe (Chrono Boost)  
  33  3:11  Probe (Chrono Boost)  
  35  3:14  Probe (Chrono Boost)  
  35  3:16  Blink (Chrono Boost), Probe (Chrono Boost)  
  34  3:23  Probe  
  34  3:25  Robotics Facility  
  34  3:26  Probe  
  36  3:35  Probe  
  36  3:38  Probe  
  38  3:47  Probe  
  37  3:49  Gateway  
  37  3:50  Probe  
  37  3:51  Pylon  
  38  3:56  Stalker x2  
  38  3:59  Probe  
  38  4:02  Probe  
  44  4:11  Warp Prism (Chrono Boost), Probe  
  44  4:13  Assimilator  
  48  4:23  Probe  
  48  4:24  Stalker x2  
  50  4:25  Pylon, Probe  
  51  4:32  Pylon  
  49  4:44  Stalker  
  52  4:51  Probe  
  52  4:55  Stalker x2  
  52  4:58  Nexus  
  52  4:59  Pylon  
  56  5:06  Probe  
  56  5:07  Probe  
  58  5:11  Pylon  
  58  5:12  Observer  
  59  5:16  Stalker  
  59  5:20  Stalker x2  
  65  5:22  Probe x2  
  65  5:24  Charge  
  67  5:28  Forge  
  67  5:34  Probe  
  68  5:36  Probe  
  68  5:37  Observer  
  70  5:46  Probe  
  70  5:48  Probe  
  72  5:51  Stalker x3  
  72  5:54  Protoss Ground Weapons Level 1 (Chrono Boost)  
  78  6:03  Gateway  
  78  6:05  Gateway  
  78  6:08  Probe x2  
  76  6:13  Probe  
  77  6:20  Probe x2  
  77  6:25  Probe  
  80  6:26  Stalker  
  80  6:27  Observer, Gateway, Stalker x2  
  80  6:32  Probe  
  87  6:34  Probe  
  87  6:35  Gateway  
  87  6:37  Gateway  
  88  6:46  Probe  
  85  6:47  Probe  
  85  6:48  Probe  
  87  6:58  Probe  
  87  6:59  Templar Archives, Probe  
  88  7:10  Probe  
  88  7:11  Sentry  
  88  7:12  Zealot  
  88  7:14  Assimilator  
  88  7:15  Observer  
  92  7:19  Pylon  
  92  7:20  Pylon  
  92  7:24  Gateway  
  92  7:25  Pylon  
  92  7:26  Gateway  
  92  7:27  Nexus  
  92  7:28  Pylon  
  90  7:30  Psionic Storm  
  90  7:32  Zealot  
  92  7:38  Probe x2  
  92  7:40  Shield Battery  
  92  7:43  High Templar  
  96  7:50  Probe x3  
  99  7:52  Assimilator  
  99  7:53  Pylon  
  99  7:56  Zealot x7, Photon Cannon  
  113  8:02  Probe  
  113  8:03  Probe x2  
  116  8:10  Pylon  
  116  8:18  Zealot x4  
  119  8:30  Zealot x6  
  118  8:42  Probe  
  113  8:52  High Templar x2  
  113  8:54  Probe x3  
  113  8:55  Zealot x8  
  126  8:56  Probe  
  137  9:04  Pylon  
  137  9:05  Forge  
  137  9:06  Probe x2  
  140  9:13  Pylon  
  141  9:18  Zealot x4  
  141  9:33  Zealot  
  141  9:34  Zealot x5, Probe  
  152  9:39  Zealot x4  
Tags
 
Add a new tag
Caveats
  • Supply blocks, unpowered buildings, or Contaminate may cause inaccurate times.
  • Supply counts are checked every 10 seconds.